 Dungeon Crawl Stone Soup version 0.30-a0-603-g51a0fb1b98 (webtiles) character file.

Game seed: 8025417335608122122

2 Leeroy the Ruffian (level 1, -4/16 HPs)
             Began as a Draconian Transmuter on Jan 7, 2023.
             Slain by a gnoll
             ... wielding a +0 flail
              (6 damage)
             ... on level 1 of the Dungeon.
             The game lasted 00:00:21 (54 turns).

Leeroy the Ruffian (Draconian Transmuter)             Turns: 54, Time: 00:00:22

Health: -4/16      AC:  4    Str: 12    XL:     1   Next: 33%
Magic:  3/3        EV: 12    Int: 13    God:
Gold:   0          SH:  0    Dex: 11    Spells: 3/4 levels left

rFire   . . .      SeeInvis .      - Unarmed
rCold   . . .      Faith    .    (no shield)
rNeg    . . .      Spirit   .    (body armour unavailable)
rPois   .          Reflect  .    (helmet restricted)
rElec   .          Harm     .    (no cloak)
rCorr   .          Rampage  .    (no gloves)
Will    .....                    (no boots)
Stlth   +                        (no amulet)
HPRegen 0.22/turn                (no ring)
MPRegen 0.08/turn                (no ring)

@: no status effects
A: AC +4, unfitting armour, cold-blooded
a: no special abilities


You were on level 1 of the Dungeon.
You visited 1 branch of the dungeon, and saw 1 of its levels.

Inventory:

Scrolls
 b - a scroll of poison {unknown}
Potions
 a - a potion of lignification


   Skills:
 + Level 1.1 Fighting
 + Level 1.7 Dodging
 + Level 3.2 Unarmed Combat
 - Level 2.0 Spellcasting
 + Level 2.0 Transmutations


You had 3 spell levels left.
You knew the following spells:

 Your Spells              Type           Power      Damage    Failure   Level
a - Beastly Appendage     Tmut           12%        N/A       11%         1

Your spell library contained the following spells:

 Spells                   Type           Power      Damage    Failure   Level
 Wereblood                Tmut           6%         N/A       17%         2
 Spider Form              Tmut/Pois      3%         N/A       45%         3
 Ice Form                 Ice/Tmut       3%         N/A       86%         4


Dungeon Overview and Level Annotations

Branches:
Dungeon (1/15)

Altars:

Shops:
D:1 =


Innate Abilities, Weirdness & Mutations

Your plain brown scales are hard. (AC +4)
You cannot fit into any form of body armour.
You are cold-blooded and may be slowed by cold attacks.


Message History

The gnoll shouts!
You hear a shout!
A kobold comes into view. It is wielding a +0 short sword.
The quokka bites you. The jackal closely misses you.
You closely miss the jackal. Your kick misses the jackal.
Your headbutt misses the jackal.
The jackal bites you but does no damage.
The quokka bites you but does no damage.
The jackal bites you but does no damage.
You closely miss the jackal. Your kick misses the jackal.
The quokka bites you but does no damage.
The jackal bites you but does no damage.
The quokka barely misses you.
You hit the jackal but do no damage. The jackal barely misses you.
The quokka bites you but does no damage.
You barely miss the jackal. Your kick misses the jackal.
Your punch misses the jackal.
The jackal bites you but does no damage.
The goblin hits you with a +0 club.
A ball python comes into view.
The quokka completely misses you.
You barely miss the jackal.
The ball python hisses angrily.
Your kick misses the jackal.
Your horns disappear.
Your talons disappear.
The jackal closely misses you. The goblin barely misses you.
The quokka barely misses you. The jackal closely misses you.
You hit the jackal. Your punch misses the jackal.
The jackal is moderately wounded.
The jackal misses you. The quokka completely misses you.
The goblin barely misses you.
You hit the jackal.
You kill the jackal!
The quokka bites you. The goblin misses you.
You hit the gnoll but do no damage. The jackal misses you.
The quokka closely misses you. The gnoll hits you with a +0 flail!
The jackal bites you.
* * * LOW HITPOINT WARNING * * *
The goblin closely misses you. The gnoll attacks as you move away!
The gnoll hits you with a +0 flail.
You die...

... #...#
....#...#
....#...#
........# ....
........####......
.......K..........
....S.hgg# .......
......r@.# .......
#...####∩##.......
#.>...............
#.....##.......#
#.....###..##.#
####..#...#.#
#...##.#.#
#........#
##.##.##....


You could see a gnoll, a quokka, a jackal, a goblin, a ball python and a kobold.

Vanquished Creatures
  2 jackals (D:1)
2 creatures vanquished.

Notes
Turn   | Place    | Note
-------+----------+-------------------------------------------
     0 | D:1      | Leeroy the Draconian Transmuter began the quest for the
                  | Orb.
     0 | D:1      | Reached XP level 1. HP: 16/16 MP: 3/3
    34 | D:1      | Found Gemoqymi's Jewellery Shoppe.
    54 | D:1      | Slain by a gnoll

Illustrated notes

Levels and vault maps discovered:
D:1:      lemuel_arrival_funnel, layout_basic, serial_shops, shop

Action                   || total
-------------------------++-------
Melee: Unarmed           ||    13
       Tailslap          ||     1
 Cast: Beastly Appendage ||     1
Armor: Skin              ||     9
Dodge: Dodged            ||    18

Table legend: (Time is in decaauts)
 A = Elapsed time spent in this place.
 B = Non-inter-level travel time spent in this place.
 C = Inter-level travel time spent in this place.
 D = Time resting spent in this place.
 E = Time spent auto-exploring this place.
 F = Levels seen in this place.
 G = Mean time per level.
                   A        B        C        D        E       F      G
               +--------+--------+--------+--------+--------+-----+--------+
         Total |     53 |     53 |      0 |      0 |     33 |   1 |   53.0 |
       Dungeon |     53 |     53 |      0 |      0 |     33 |   1 |   53.0 |
               +--------+--------+--------+--------+--------+-----+--------+

Top non-repeatable levels by time:
     D:1: 53 daAuts
